 BcadrenCrawl: Boulder Brew version 0.05.32 (webtiles) character file.

Game seed: 2857448355305758430, levelgen mode: deterministic

6997 BR41ND34D the Magician (level 11, -3/84 HPs) Gnoll Skald. Began on Oct 5, 2021. Was a Believer of Makhleb. Slain by a ten-headed hydra (9 damage) ... on level 5 of the Dungeon. The game lasted 00:54:46 (5982 turns).

BR41ND34D the Magician (Gnoll Skald)                Turns: 5982, Time: 00:54:47

Health: -3/84      AC: 22    Str: 16    XL:     11 ^: 8376
Magic:  22/22      EV: 15    Int: 16    God:    Makhleb [2* [58]]
Gold:   329        SH:  0    Dex: 27    Spells: 18/25 levels left

rFire    . . .     Vision   .   J - +5 battleaxe "Dog's Regret" {chop, Dex+7}
rCold    . . .     Gourm    .   (also wielding the above weapon)
rNeg     . . .     Faith    .   I - +0 crystal plate
rCorr    . . .     Spirit   .   q - +0 helmet
rPois    .         Reflect  .   (no cloak)
rElec    .         Harm     .   r - +0 pair of gloves
MR       .....                  i - +0 pair of boots
Stlth    ..........             (no amulet)
HPRegen  0.38/turn              m - ring of evasion
MPRegen  0.32/turn              (no ring)

@: invisible
A: distributed training, fangs, DEX +5, strong nose
a: Minor Destruction, Renounce Religion


You were on level 5 of the Dungeon.
You worshipped Makhleb.
Makhleb was pleased with you.
You were not hungry.

You visited 2 branches of the dungeon, and saw 6 of its levels.

You collected 329 gold pieces.

Inventory:

Weapons
 a - a +2 falchion of electrocution
 f - a +0 hunting sling
 l - a +1 dagger of venom
 t - a +0 trident
 A - a +2 short sword of freezing
 J - the +5 battleaxe "Dog's Regret" (weapon) {chop, Dex+7}
   (You took it off a centaur on level 5 of the Dungeon)

   It inflicts extra damage upon your enemies.
   It affects your dexterity (+7).
   Shields
 F - a +0 buckler
Armour
 e - a +0 ring mail
 i - a +0 pair of boots (worn)
 q - a +0 helmet (worn)
 r - a +0 pair of gloves (worn)
 w - a +0 scale mail
 I - a +0 crystal plate (worn)
Magical Staves
 s - a +8 shielded staff of air
Jewellery
 m - a ring of evasion (left hand)
 u - a cursed ring of evasion {(Curse: Stlth-)}
 y - a cursed ring of intelligence {(Curse: *Tele)}
 H - the cursed ring "Begikemm" {rN+ Str+2, (Curse: rC-)}
   (You found it on level 5 of the Dungeon)

   [ring of positive energy]

   It affects your strength (+2).
   It protects you from negative energy.
   It has a curse placed upon it.
   { (Curse: rC-)}
Wands
 z - a wand of acid (7)
 D - a wand of polymorph (1)
 E - a wand of iceblast (4)
Scrolls
 j - 5 scrolls of teleportation
 o - a scroll of fog
 v - 2 scrolls of holy word
 x - a scroll of silence
 B - 3 scrolls of magic mapping
Potions
 b - a potion of brilliance
 g - 2 potions of mutation
 h - a potion of might
 k - a potion of curing
 n - a potion of magic
 p - a potion of cancellation
 C - a potion of agility
Comestibles
 c - 5 chunks of flesh
 d - 22 rations


   Skills:
 + Level 7.6 Fighting
 + Level 5.9 Short Blades
 + Level 7.6 Long Blades
 + Level 5.9 Axes & Hammers
 + Level 5.9 Whips & Flails
 + Level 5.9 Polearms
 + Level 5.9 Maces & Staves
 + Level 5.9 Slings
 + Level 5.9 Bows
 + Level 5.9 Crossbows
   Level 0.0 Throwing
 + Level 6.5 Armour
 + Level 7.6 Dodging
 + Level 5.9 Stealth
 + Level 5.9 Shields
 + Level 5.9 Unarmed Combat
 + Level 7.8 Spellcasting
 + Level 4.9 Hexes
 + Level 7.4 Charms
 + Level 4.9 Summonings
 + Level 4.9 Necromancy
 + Level 4.9 Translocations
 + Level 4.9 Transmutations
 + Level 4.9 Fire Magic
 + Level 4.9 Ice Magic
 + Level 4.9 Air Magic
 + Level 4.9 Earth Magic
 + Level 4.9 Poison Magic
 + Level 6.5 Invocations
 + Level 5.9 Evocations


You had 18 spell levels left.
You knew the following spells:

 Your Spells              Type           Power        Failure   Level  Hunger
a - Infusion              Chrm           25 (25)      12%         1    0
b - Regeneration Chrm/Necr 26 (200) 50% 3 0-54 c - Spectral Weapon Chrm/Summ      26 (100)     50%         3    0-54

Your spell library contained the following spells:

 Spells                   Type           Power        Failure   Level  Hunger
 Song of Slaying          Chrm           30 (100)     17%         2    0
 Shroud of Golubria       Chrm/Tloc      26 (200)     28%         2    0


Dungeon Overview and Level Annotations

Branches:
Dungeon (5/8)              Temple (1/1) D:4            Lair (0/6) D:5

Altars:
Ashenzari
Cheibriados
Dithmenos
Elyvilon
Fedhas Madash
Gozag Ym Sagoz
Hepliaklqana
Kikubaaqudgha
Makhleb
Nemelex Xobeh
Okawaru
Ru
Sif Muna
Trog
Uskayaw
Vehumet
Wu Jian
Xom
Yredelemnul
Zin
The Shining One

Annotations:
D:5 DEFE's ghost, journeyman DrDs


Innate Abilities, Weirdness & Mutations

Your experience applies equally to all skills.
You have razor-sharp fangs.
Your uncanny sense of smell can sniff out nearby items.
You are extremely agile. (DEX +5)


Message History

The 11-headed hydra misses you (0).
The 11-headed hydra bites you but does no damage. x2
DEFE's ghost hits you (8)!
The 11-headed hydra bites you but does no damage. x2
The 11-headed hydra bites you (7)!
* * * LOW HITPOINT WARNING * * *
The 11-headed hydra bites you (2).
* * * LOW HITPOINT WARNING * * *
The 11-headed hydra bites you (7)!
* * * LOW HITPOINT WARNING * * *
The 11-headed hydra bites you (8)!
* * * LOW HITPOINT WARNING * * *
The 11-headed hydra bites you but does no damage. x5
DEFE's ghost says, "Your head would complement my pike nicely."
DEFE's ghost barely misses you (0).
You fade into invisibility!
The ten-headed hydra closely misses you (0).
The ten-headed hydra bites you but does no damage. x2
The ten-headed hydra bites you (9)!
You die...

#################
#......##.......#
#.###...#.#####.#
#.###........##.######
#.#...).#<##.........#
#.#.##.##.####)..##..#
#.#.##@##.####...##..#
#...DD.##....p....#..#
######.#W########.##.#..#
#......# ########.......#
#......###.....##......##
##.###..........#####.###
######..##......# #.#
###.♣♣##.##......# ###.#
###≈....#.........#
#...#####


You could see a 11-headed hydra, a ten-headed hydra and DEFE's ghost.

Vanquished Creatures
  A very ugly thing (D:5)
  A two-headed ogre (D:5)
  Pikel (D:5)
  An ugly thing (D:5)
  2 trolls (D:5)
  3 hippogriffs (D:5)
  A wyvern (D:5)
  2 basilisks (D:5)
  2 water moccasins
  A scorpion (D:5)
  6 porcupines
  3 black bears (D:5)
  4 ogres
  A wolf (D:5)
  2 crocodiles (D:5)
  4 big kobolds (D:2)
  3 bullfrogs (D:5)
  A centaur (D:5)
  4 howler monkeys
  4 killer bees (D:5)
  4 wights (D:4)
  A hornet zombie (D:4)
  2 hounds
  7 jellies (D:2)
  3 orc wizards
  An orc priest (D:4)
  6 worker ants
  A wyvern zombie (D:4)
  5 iguanas
  8 giant cockroaches
  A bullfrog skeleton (D:5)
  2 bullfrog zombies
  A shadow imp (D:4)
  6 adders
  10 sewer rats (D:2)
  9 cinder newts
  2 worms (D:2)
  A hound zombie (D:5)
  2 oozes
  A hound skeleton (D:5)
  2 dart slugs
  5 leopard geckos
  20 orcs
  An adder simulacrum (D:5)
  An adder skeleton (D:3)
  8 bats
  2 cinder newt skeletons (D:2)
  5 goblins (D:1)
  7 hobgoblins (D:1)
  20 kobolds
  A ball python (D:1)
  A goblin skeleton (D:2)
  A quokka skeleton (D:3)
  9 rats (D:1)
  A rat skeleton (D:2)
  A plant (D:5)
  A slave (D:5)
  21 withered plants (D:2)
227 creatures vanquished.

Vanquished Creatures (others)
  A sky beast (D:5)
  A jelly (D:2)
  A leopard gecko (D:2)
  An orc (D:5)
  3 kobolds (D:2)
  A ball python skeleton (D:2)
  A rat (D:2)
  2 bushes (D:5)
  2 fungi (D:5)
  14 plants (D:5)
  2 slaves (D:5)
  A spectral weapon (D:5)
  122 withered plants (D:2)
152 creatures vanquished.

Grand Total: 379 creatures vanquished

Notes
Turn   | Place    | Note
-------+----------+-------------------------------------------
     0 | D:1      | BR41ND34D the Gnoll Skald began the quest for the Orb.
     0 | D:1      | Reached XP level 1. HP: 20/20 MP: 6/6
    53 | D:1      | Reached XP level 2. HP: 25/26 MP: 7/7
   180 | D:1      | Reached skill level 5 in Spellcasting
   180 | D:1      | Reached XP level 3. HP: 31/31 MP: 7/9
   234 | D:1      | Reached skill level 1 in Invocations
   287 | D:1      | Reached skill level 1 in Short Blades
   287 | D:1      | Reached skill level 1 in Axes & Hammers
   287 | D:1      | Reached skill level 1 in Whips & Flails
   287 | D:1      | Reached skill level 1 in Polearms
   287 | D:1      | Reached skill level 1 in Maces & Staves
   287 | D:1      | Reached skill level 1 in Slings
   287 | D:1      | Reached skill level 1 in Bows
   287 | D:1      | Reached skill level 1 in Crossbows
   287 | D:1      | Reached skill level 1 in Stealth
   287 | D:1      | Reached skill level 1 in Shields
   287 | D:1      | Reached skill level 1 in Unarmed Combat
   287 | D:1      | Reached skill level 1 in Evocations
   288 | D:1      | Reached XP level 4. HP: 38/38 MP: 2/11
   504 | D:1      | Reached skill level 1 in Hexes
   504 | D:1      | Reached skill level 1 in Summonings
   504 | D:1      | Reached skill level 1 in Necromancy
   504 | D:1      | Reached skill level 1 in Translocations
   504 | D:1      | Reached skill level 1 in Transmutations
   504 | D:1      | Reached skill level 1 in Fire Magic
   504 | D:1      | Reached skill level 1 in Ice Magic
   504 | D:1      | Reached skill level 1 in Air Magic
   504 | D:1      | Reached skill level 1 in Earth Magic
   504 | D:1      | Reached skill level 1 in Poison Magic
   871 | D:1      | Reached XP level 5. HP: 43/43 MP: 12/12
   880 | D:1      | Learned a level 3 spell: Regeneration
   884 | D:1      | Learned a level 3 spell: Spectral Weapon
  1203 | D:2      | Noticed a water moccasin
  1209 | D:2      | Killed a water moccasin
  1209 | D:2      | Reached XP level 6. HP: 50/50 MP: 9/13
  1433 | D:2      | Reached skill level 5 in Fighting
  1433 | D:2      | Reached skill level 5 in Long Blades
  1433 | D:2      | Reached skill level 5 in Dodging
  1805 | D:2      | Reached XP level 7. HP: 49/56 MP: 15/15
  2621 | D:2      | Reached XP level 8. HP: 60/63 MP: 11/16
  2778 | D:2      | Identified a scroll of acquirement
  2791 | D:2      | Identified Sif Muna's Collected Works on Torrid Moulding
                  | (You acquired it on level 2 of the Dungeon)
  3014 | D:3      | Found a glowing golden altar of the Shining One.
  3570 | D:4      | Found a staircase to the Ecumenical Temple.
  3579 | Temple   | Entered the Ecumenical Temple
  3875 | Temple   | Became a worshipper of Makhleb the Destroyer
  3930 | D:4      | Reached XP level 9. HP: 56/69 MP: 18/18
  4290 | D:4      | Reached * piety under Makhleb
  4708 | D:5      | Entered Level 5 of the Dungeon
  4710 | D:5      | Noticed a troll
  4713 | D:5      | Reached skill level 5 in Armour
  4721 | D:5      | Killed a troll
  4880 | D:5      | Reached skill level 5 in Invocations
  4936 | D:5      | Found a staircase to the Lair.
  4949 | D:5      | Reached XP level 10. HP: 39/77 MP: 2/20
  5036 | D:5      | Noticed Pikel
  5041 | D:5      | Reached skill level 5 in Short Blades
  5041 | D:5      | Reached skill level 5 in Axes & Hammers
  5041 | D:5      | Reached skill level 5 in Whips & Flails
  5041 | D:5      | Reached skill level 5 in Polearms
  5041 | D:5      | Reached skill level 5 in Maces & Staves
  5041 | D:5      | Reached skill level 5 in Slings
  5041 | D:5      | Reached skill level 5 in Bows
  5041 | D:5      | Reached skill level 5 in Crossbows
  5041 | D:5      | Reached skill level 5 in Stealth
  5041 | D:5      | Reached skill level 5 in Shields
  5041 | D:5      | Reached skill level 5 in Unarmed Combat
  5041 | D:5      | Reached skill level 5 in Evocations
  5059 | D:5      | Killed Pikel
  5129 | D:5      | Reached ** piety under Makhleb
  5239 | D:5      | Noticed a two-headed ogre
  5247 | D:5      | Killed a two-headed ogre
  5258 | D:5      | Noticed a purple ugly thing
  5260 | D:5      | Found a transporter.
  5313 | D:5      | Noticed a brown very ugly thing
  5315 | D:5      | Identified the cursed ring "Begikemm" {rN+ Str+2, (Curse:
                  | rC-)}
  5315 | D:5      | Found a transporter.
  5338 | D:5      | Found a runed translucent gate.
  5624 | D:5      | Found a runed translucent gate.
  5627 | D:5      | Found a runed translucent gate.
  5627 | D:5      | Noticed a nine-headed hydra
  5628 | D:5      | Noticed a nine-headed hydra
  5629 | D:5      | Noticed DEFE's ghost (journeyman DrDs)
  5745 | D:5      | Killed a purple ugly thing
  5745 | D:5      | Reached XP level 11. HP: 50/84 MP: 20/22
  5750 | D:5      | Killed a brown very ugly thing
  5757 | D:5      | Identified the +5 battleaxe "Dog's Regret" {chop, Dex+7}
                  | (You took it off a centaur on level 5 of the Dungeon)
  5972 | D:5      | HP: 2/84 [11-headed hydra (8)]
  5982 | D:5      | Slain by a ten-headed hydra

Levels and vault maps discovered:
D:1:      lemuel_arrival_tunnels, layout_basic
D:2:      layout_sewer
D:3:      layout_cave_pools, first_ration, grunt_ogre_cave, tso_metal_star
D:4:      layout_irregular_city, minmay_temple_entry_junction,
          chequers_serial_rivers_micro_c
D:5:      gammafunk_sealed_arena, layout_loops_cross, minmay_lair_entry_grove,
          gammafunk_ghost_hydra_chop, uniq_pikel
Temple:   regret_index_temple_sigil_plot

Skill      XL: |  1  2  3  4  5  6  7  8  9 10 |
---------------+-------------------------------+-----
Spellcasting   | 5 6 7 |  7.8
Invocations    | 1 2 3 4 5 6 |  6.5
Short Blades   | 1 2 3 4 5 |  5.9
Axes & Hammers | 1 2 3 4 5 |  5.9
Whips & Flails | 1 2 3 4 5 |  5.9
Polearms       | 1 2 3 4 5 |  5.9
Maces & Staves | 1 2 3 4 5 |  5.9
Slings         | 1 2 3 4 5 |  5.9
Bows           | 1 2 3 4 5 |  5.9
Crossbows      | 1 2 3 4 5 |  5.9
Stealth        | 1 2 3 4 5 |  5.9
Shields        | 1 2 3 4 5 |  5.9
Unarmed Combat | 1 2 3 4 5 |  5.9
Evocations     | 1 2 3 4 5 |  5.9
Hexes          | 1 2 3 4 |  4.9
Summonings     | 1 2 3 4 |  4.9
Necromancy     | 1 2 3 4 |  4.9
Translocations | 1 2 3 4 |  4.9
Transmutations | 1 2 3 4 |  4.9
Fire Magic     | 1 2 3 4 |  4.9
Ice Magic      | 1 2 3 4 |  4.9
Air Magic      | 1 2 3 4 |  4.9
Earth Magic    | 1 2 3 4 |  4.9
Poison Magic   | 1 2 3 4 |  4.9
Armour         | 3 4 5 6 |  6.5
Fighting       | 5 6 7 |  7.6
Long Blades    | 5 6 7 |  7.6
Dodging        | 5 6 7 |  7.6
Charms         | 6 7 |  7.4

Action                   |  1- 3 |  4- 6 |  7- 9 | 10-12 || total
-------------------------+-------+-------+-------+-------++-------
Melee: Falchion          |    47 |   156 |   136 |    89 ||   428
       Unarmed           |    35 |   135 |   203 |    39 ||   412
       Tailslap          |     9 |    30 |    51 |    12 ||   102
       Dagger            |       |    22 |       |       ||    22
       Staff             |       |       |   110 |       ||   110
       Battleaxe         |       |       |       |     2 ||     2
 Cast: Infusion          |     1 |     1 |     6 |     2 ||    10
       Spectral Weapon   |       |     7 |    16 |     4 ||    27
       Regeneration      |       |       |     1 |       ||     1
  Use: Potion            |       |       |     1 |     3 ||     4
       Scroll            |       |       |     4 |       ||     4
 Stab: Sleeping          |       |     1 |     8 |     2 ||    11
       Distracted        |       |     2 |     1 |       ||     3
  Eat: Chunk             |       |     5 |    12 |     4 ||    21
Armor: Leather armour    |     7 |    15 |       |       ||    22
       Ring mail         |       |     4 |    37 |    15 ||    56
       Crystal plate     |       |       |       |    36 ||    36
Dodge: Dodged            |    32 |   108 |   188 |    80 ||   408
Block: Other             |       |       |    36 |       ||    36
       Buckler           |       |       |       |     5 ||     5
       Rpst.: Falchion   |     7 |    22 |    35 |    16 ||    80
